 Dungeon Sprint DCSS version 0.20-a0-833-gc632bec (webtiles) character file.

3200000 esc the Conqueror (level 24, -36/227 HPs)
             Began as a Barachian Gladiator on Mar 7, 2017.
             Was the Champion of Makhleb.
             Annihilated by a destroyer
             ... wielding a +9 great sword of slicing
              (53 damage)
             ... in the Dungeon (Sprint VIII: "Arena of Blood").
             The game lasted 00:01:11 (32 turns).

esc the Conqueror (Barachian Gladiator)               Turns: 32, Time: 00:01:12

Health: -36/227    AC:  8    Str: 15    XL:     24   Next: 47%
Magic:  21/54      EV: 36    Int: 11    God:    Makhleb [******]
Gold:   0          SH:  0    Dex: 24    Spells: 77/77 levels left

rFire    . . .     SeeInvis .   l - +∞ Axe of Woe
rCold    . . .     Gourm    .   b - +0 leather armour
rNeg     . . .     Faith    .   (shield currently unavailable)
rPois    .         Spirit   .   c - +0 helmet
rElec    .         Reflect  .   (no cloak)
rCorr    .         Harm     .   (no gloves)
MR       +....     NoTele   +   (no boots)
Stlth    +++++++++.             (no amulet)
Regen    0.5/turn               (no ring)
MPRegen  0.4/turn               (no ring)

@: slow
A: +LOS, swims, slowness 1, strong legs 2
a: Hop, Minor Destruction, Lesser Servant of Makhleb, Major Destruction, Greater
Servant of Makhleb, Renounce Religion


You were in the Dungeon.
You worshipped Makhleb.
Makhleb was exalted by your worship.
You were not hungry.

You visited 1 branch

Inventory:

Hand Weapons
 a - a +0 war axe
 l - the +∞ Axe of Woe (weapon)
   (You found it in the Dungeon)
Missiles
 d - 3 throwing nets {=f, !d}
Armour
 b - a +0 leather armour (worn)
 c - a +0 helmet (worn)
Scrolls
 k - a scroll of blinking {!r}
Potions
 e - a potion of curing
 g - a potion of heal wounds
 h - a potion of haste
 i - 2 potions of magic
 j - a potion of berserk rage {!q}
Comestibles
 f - a bread ration {@e1}


   Skills:
 O Level 27 Fighting
 O Level 27 Axes
 O Level 27 Throwing
 O Level 27 Armour
 O Level 27 Dodging
 O Level 27 Stealth
 O Level 27 Unarmed Combat
 O Level 27 Spellcasting
 O Level 27 Invocations


You had 77 spell levels left.
You didn't know any spells.

Dungeon Overview and Level Annotations

Branches:
Dungeon (1/1)

Altars:
Makhleb


Innate Abilities, Weirdness & Mutations

Shadows flee at your approach. (+LOS)
You can swim through water.
You cover ground slowly.
You can hop longer distances.


Message History

A destroyer comes into view.
It is wielding a +9 great sword of slicing.
The large bag of meat appears out of thin air!
A large bag of meat comes into view. It is wielding a +9 giant spiked club.
You hear a shout! x5 2 orcs and an ogre come into view.
Unknown command.
The destroyer shouts!
The large bag of meat shouts in stereo!
The destroyer shouts!
The bag of meat shouts! x4
You hit the destroyer but do no damage.
You cleave the destroyer in twain.
You destroy the destroyer!
Makhleb accepts your kill.
You have mastered Invocations!
You cannot train any new skill.
You hit the bag of meat.
You butcher the bag of meat messily.
You kill the bag of meat!
Makhleb accepts your kill.
The meat berserker rages.
You hear a shout! x8 3 orcs come into view.
Unknown command.
Unknown command.
Unknown command.
You hear a shout! x7
The bag of meat moves out of view.
The destroyer blinks!
You hear a shout! x7
The meat berserker completely misses you.
You hear a shout!
A meat berserker comes into view. It is wielding a +9 battleaxe.
The bag of meat shouts! x4
You slice the meat berserker!!
You pulverise the meat berserker into a thin bloody mist.
You kill the meat berserker!
Makhleb accepts your kill.
You have reached level 23!
You slash the bag of meat!
You butcher the bag of meat messily.
You kill the bag of meat!
Makhleb accepts your kill.
You slice the meat berserker!!
You dissect the meat berserker like a pig carcass.
You kill the meat berserker!
Makhleb accepts your kill.
You hear a shout! x4
The destroyer blinks!
You hear a shout! x6
A bag of meat comes into view. It is wielding a +9 war axe.
Health restored: 219 Unknown command.
Unknown command.
You hear a shout! x3
The destroyer blinks! x2
You hear a shout! x4
The bag of meat hits you with a +9 war axe!
A bag of meat comes into view. It is wielding a +9 war axe.
You take 15 damage, and have 204/219 hp.
You hear a shout! x5
The meat berserker hits you with a +9 battleaxe!
You hear a shout! x2
You take 13 damage, and have 191/219 hp.
You hear a shout! x5
The destroyer blinks!
You hear a shout!
The bag of meat closely misses you.
You hear a shout! x2
The destroyer appears out of thin air!
A destroyer comes into view.
It is wielding a +9 great sword of slicing.
The destroyer blinks!
The meat berserker hits you with a +9 battleaxe!!!
The destroyer shouts!
You take 62 damage, and have 129/219 hp.
MASSIVE DAMAGE!!
The bag of meat shouts!
You slice the destroyer!!
You slaughter the destroyer joyfully.
You destroy the destroyer!
Makhleb accepts your kill.
You feel better.
You have reached level 24!
Your experience leads to an increase in your attributes!
Increase (S)trength, (I)ntelligence, or (D)exterity?
You feel agile. x2
You hit the meat berserker.
You pulverise the meat berserker into a thin bloody mist.
You kill the meat berserker!
Makhleb accepts your kill.
You feel better.
You chop the bag of meat into pieces!!!
You hew the bag of meat savagely.
You kill the bag of meat!
Makhleb accepts your kill.
You hear a shout! x7 2 orcs come into view.
Health restored: 227 Unknown command.
Unknown command.
Unknown command.
You hear a shout! x2
The destroyer blinks!
You hear a shout! x9
The destroyer hits you with a +9 great sword of slicing!!!!!
Ouch! That really hurt!
* * * LOW HITPOINT WARNING * * *
You die...

################
.......=.......####
........@.........###
.....##.##V#####......
..........))O.........
###.....##.##O§........
.....§......OOoOo.......
#..........#o#oVOo...#..
#...........o)..ooo###
#........))O§)..o.o...
.#......)).o.....ooo..


You could see 2 destroyers, 2 large bags of meat, 2 meat berserkers and 10 bags
of meat.

Vanquished Creatures
  2 vampire knights (D)
  5 ogres (D)
  32 orcs (D)
39 creatures vanquished.

Notes
Turn   | Place    | Note
-------+----------+-------------------------------------------
     0 | D        | esc the Barachian Gladiator began the quest for the Orb.
     0 | D        | Reached XP level 1. HP: 17/17 MP: 1/1
     3 | D        | Noticed a bag of meat
     4 | D        | Became a worshipper of Makhleb the Destroyer
     5 | D        | Noticed a bag of meat
     5 | D        | Noticed a bag of meat
     5 | D        | Killed a bag of meat
     5 | D        | Reached skill level 19 in Fighting
     5 | D        | Reached skill level 17 in Axes
     5 | D        | Reached skill level 17 in Dodging
     5 | D        | Reached XP level 2. HP: 50/50 MP: 2/2
     5 | D        | Reached XP level 3. HP: 57/57 MP: 3/3
     5 | D        | Reached XP level 4. HP: 64/64 MP: 4/4
     5 | D        | Reached XP level 5. HP: 70/70 MP: 5/5
     5 | D        | Reached XP level 6. HP: 78/78 MP: 6/6
     5 | D        | Reached XP level 7. HP: 84/84 MP: 7/7
     5 | D        | Reached XP level 8. HP: 91/91 MP: 8/8
     5 | D        | Reached XP level 9. HP: 98/98 MP: 9/9
     5 | D        | Reached XP level 10. HP: 105/105 MP: 10/10
     5 | D        | Reached XP level 11. HP: 111/111 MP: 11/11
     5 | D        | Reached XP level 12. HP: 119/119 MP: 12/12
     7 | D        | Noticed a bag of meat
     7 | D        | Noticed a bag of meat
     7 | D        | Noticed a bag of meat
     8 | D        | Noticed a bag of meat
     9 | D        | Noticed a bag of meat
     9 | D        | Noticed a bag of meat
     9 | D        | Noticed a bag of meat
     9 | D        | Noticed a bag of meat
     9 | D        | Noticed a bag of meat
     9 | D        | Noticed a bag of meat
     9 | D        | Noticed a bag of meat
    10 | D        | Killed a bag of meat
    10 | D        | Reached * piety under Makhleb
    10 | D        | Reached skill level 21 in Fighting
    10 | D        | Reached skill level 20 in Axes
    10 | D        | Reached skill level 20 in Dodging
    10 | D        | Gained mutation: You can hop longer distances. [Barachian growth]
    10 | D        | Reached XP level 13. HP: 132/132 MP: 13/13
    11 | D        | Noticed a bag of meat
    11 | D        | Noticed a bag of meat
    11 | D        | Noticed a bag of meat
    11 | D        | Noticed a bag of meat
    11 | D        | Killed a bag of meat
    11 | D        | Reached skill level 23 in Fighting
    11 | D        | Reached skill level 22 in Axes
    11 | D        | Reached skill level 22 in Dodging
    11 | D        | Reached XP level 14. HP: 143/143 MP: 14/14
    11 | D        | Killed a bag of meat
    11 | D        | Reached skill level 24 in Fighting
    11 | D        | Reached skill level 23 in Axes
    11 | D        | Reached skill level 23 in Dodging
    11 | D        | Killed a bag of meat
    11 | D        | Reached ** piety under Makhleb
    11 | D        | Reached skill level 26 in Fighting
    11 | D        | Reached skill level 24 in Axes
    11 | D        | Reached skill level 24 in Dodging
    11 | D        | Reached XP level 15. HP: 156/156 MP: 15/15
    12 | D        | Noticed a meat berserker
    14 | D        | Noticed a large bag of meat
    14 | D        | Reached skill level 27 in Fighting
    14 | D        | Reached skill level 25 in Axes
    14 | D        | Reached skill level 25 in Dodging
    14 | D        | Reached skill level 26 in Axes
    14 | D        | Reached skill level 26 in Dodging
    14 | D        | Reached XP level 16. HP: 167/167 MP: 16/16
    14 | D        | Reached *** piety under Makhleb
    14 | D        | Reached skill level 27 in Axes
    14 | D        | Reached skill level 27 in Dodging
    14 | D        | Reached skill level 6 in Throwing
    14 | D        | Reached skill level 7 in Armour
    14 | D        | Reached skill level 6 in Stealth
    14 | D        | Reached skill level 6 in Unarmed Combat
    14 | D        | Reached skill level 5 in Spellcasting
    14 | D        | Reached skill level 5 in Invocations
    14 | D        | Reached skill level 9 in Throwing
    14 | D        | Reached skill level 10 in Armour
    14 | D        | Reached skill level 8 in Stealth
    14 | D        | Reached skill level 9 in Unarmed Combat
    14 | D        | Reached skill level 8 in Spellcasting
    14 | D        | Reached skill level 7 in Invocations
    14 | D        | Reached skill level 10 in Throwing
    14 | D        | Reached skill level 12 in Armour
    14 | D        | Reached skill level 10 in Stealth
    14 | D        | Reached skill level 11 in Unarmed Combat
    14 | D        | Reached skill level 10 in Spellcasting
    14 | D        | Reached skill level 9 in Invocations
    14 | D        | Reached XP level 17. HP: 174/174 MP: 16/31
    14 | D        | Reached skill level 12 in Throwing
    14 | D        | Reached skill level 13 in Armour
    14 | D        | Reached skill level 12 in Stealth
    14 | D        | Reached skill level 12 in Unarmed Combat
    14 | D        | Reached skill level 12 in Spellcasting
    14 | D        | Reached skill level 11 in Invocations
    15 | D        | Reached **** piety under Makhleb
    15 | D        | Reached skill level 13 in Throwing
    15 | D        | Reached skill level 15 in Armour
    15 | D        | Reached skill level 13 in Stealth
    15 | D        | Reached skill level 14 in Unarmed Combat
    15 | D        | Reached skill level 13 in Spellcasting
    15 | D        | Reached skill level 12 in Invocations
    15 | D        | Reached skill level 14 in Throwing
    15 | D        | Reached skill level 16 in Armour
    15 | D        | Reached skill level 14 in Stealth
    15 | D        | Reached skill level 15 in Unarmed Combat
    15 | D        | Reached skill level 14 in Spellcasting
    15 | D        | Reached skill level 13 in Invocations
    15 | D        | Reached XP level 18. HP: 182/182 MP: 16/36
    15 | D        | Reached skill level 15 in Throwing
    15 | D        | Reached skill level 17 in Armour
    15 | D        | Reached skill level 15 in Stealth
    15 | D        | Reached skill level 16 in Unarmed Combat
    15 | D        | Reached skill level 15 in Spellcasting
    15 | D        | Reached skill level 14 in Invocations
    15 | D        | Reached skill level 16 in Throwing
    15 | D        | Reached skill level 18 in Armour
    15 | D        | Reached skill level 16 in Stealth
    15 | D        | Reached skill level 17 in Unarmed Combat
    15 | D        | Reached skill level 16 in Spellcasting
    15 | D        | Reached skill level 15 in Invocations
    16 | D        | Noticed a meat berserker
    17 | D        | Reached ***** piety under Makhleb
    17 | D        | Reached skill level 17 in Throwing
    17 | D        | Reached skill level 19 in Armour
    17 | D        | Reached skill level 17 in Stealth
    17 | D        | Reached skill level 18 in Unarmed Combat
    17 | D        | Reached skill level 17 in Spellcasting
    17 | D        | Killed a meat berserker
    17 | D        | Reached skill level 18 in Throwing
    17 | D        | Reached skill level 21 in Armour
    17 | D        | Reached skill level 18 in Stealth
    17 | D        | Reached skill level 19 in Unarmed Combat
    17 | D        | Reached skill level 18 in Spellcasting
    17 | D        | Reached skill level 17 in Invocations
    17 | D        | Reached XP level 19. HP: 189/189 MP: 16/41
    17 | D        | Reached skill level 19 in Throwing
    17 | D        | Reached skill level 22 in Armour
    17 | D        | Reached skill level 19 in Stealth
    17 | D        | Reached skill level 20 in Unarmed Combat
    17 | D        | Reached skill level 19 in Spellcasting
    17 | D        | Reached skill level 20 in Throwing
    17 | D        | Reached skill level 21 in Unarmed Combat
    17 | D        | Reached skill level 18 in Invocations
    17 | D        | Reached skill level 23 in Armour
    17 | D        | Reached skill level 20 in Stealth
    17 | D        | Reached skill level 20 in Spellcasting
    17 | D        | Reached skill level 19 in Invocations
    19 | D        | Noticed a large bag of meat
    19 | D        | Noticed a meat berserker
    19 | D        | Reached skill level 21 in Throwing
    19 | D        | Reached skill level 24 in Armour
    19 | D        | Reached skill level 21 in Stealth
    19 | D        | Reached skill level 22 in Unarmed Combat
    19 | D        | Reached skill level 21 in Spellcasting
    19 | D        | Reached XP level 20. HP: 197/197 MP: 17/45
    19 | D        | Reached skill level 23 in Unarmed Combat
    19 | D        | Reached skill level 20 in Invocations
    19 | D        | Reached skill level 22 in Throwing
    19 | D        | Reached skill level 25 in Armour
    19 | D        | Reached skill level 22 in Stealth
    19 | D        | Reached skill level 22 in Spellcasting
    20 | D        | Noticed a meat berserker
    20 | D        | Reached skill level 26 in Armour
    20 | D        | Reached skill level 24 in Unarmed Combat
    20 | D        | Reached skill level 21 in Invocations
    20 | D        | Reached ****** piety under Makhleb
    20 | D        | Reached skill level 23 in Throwing
    20 | D        | Reached skill level 23 in Stealth
    20 | D        | Reached skill level 23 in Spellcasting
    20 | D        | Reached skill level 27 in Armour
    20 | D        | Reached skill level 25 in Unarmed Combat
    20 | D        | Reached skill level 22 in Invocations
    20 | D        | Reached XP level 21. HP: 204/204 MP: 17/48
    20 | D        | Killed a meat berserker
    20 | D        | Reached skill level 24 in Throwing
    20 | D        | Reached skill level 24 in Stealth
    20 | D        | Reached skill level 26 in Unarmed Combat
    20 | D        | Reached skill level 24 in Spellcasting
    20 | D        | Reached skill level 23 in Invocations
    22 | D        | Noticed a destroyer
    22 | D        | Noticed a large bag of meat
    22 | D        | Noticed a destroyer
    22 | D        | Noticed a meat berserker
    23 | D        | Reached skill level 25 in Throwing
    23 | D        | Reached skill level 25 in Stealth
    23 | D        | Reached skill level 27 in Unarmed Combat
    23 | D        | Reached skill level 25 in Spellcasting
    23 | D        | Reached skill level 24 in Invocations
    23 | D        | Reached skill level 26 in Throwing
    23 | D        | Reached skill level 26 in Stealth
    23 | D        | Reached skill level 26 in Spellcasting
    23 | D        | Reached XP level 22. HP: 212/212 MP: 18/52
    23 | D        | Reached skill level 27 in Throwing
    23 | D        | Reached skill level 27 in Stealth
    23 | D        | Reached skill level 27 in Spellcasting
    23 | D        | Reached skill level 25 in Invocations
    25 | D        | Noticed a large bag of meat
    25 | D        | Noticed a destroyer
    25 | D        | Killed a destroyer
    25 | D        | Reached skill level 27 in Invocations
    27 | D        | Reached XP level 23. HP: 219/219 MP: 19/54
    30 | D        | Noticed a destroyer
    31 | D        | Killed a destroyer
    31 | D        | Reached XP level 24. HP: 181/227 MP: 21/54
    32 | D        | HP: 17/227 [destroyer/+9 great sword of slicing (210)]
    32 | D        | Annihilated by a destroyer

Vault maps used:
D:        meatsprint

Skill      XL: |  1  2  3  4  5  6  7  8  9 10 11 12 13 14 15 16 17 18 19 20 21 22 |
---------------+-------------------------------------------------------------------+-----
Fighting       | 19 21 23 26 27 | 27.0
Axes           | 17 20 22 24 26 27 | 27.0
Dodging        | 17 20 22 24 26 27 | 27.0
Throwing       | 10 14 18 21 23 26 27 | 27.0
Armour         | 12 16 21 24 27 | 27.0
Stealth        | 10 14 18 21 23 26 27 | 27.0
Unarmed Combat | 11 15 19 22 25 27 | 27.0
Spellcasting   | 10 14 18 21 23 26 27 | 27.0
Invocations    | 9 13 17 19 22 24 27 | 27.0

Action                   |  1- 3 |  4- 6 |  7- 9 | 10-12 | 13-15 | 16-18 | 19-21 | 22-24 || total
-------------------------+-------+-------+-------+-------+-------+-------+-------+-------++-------
Melee: Executioner's axe |     1 |       |       |     1 |     2 |     2 |     3 |     3 ||    12
Dodge: Dodged            |       |       |       |       |     2 |     1 |       |     2 ||     5

Vault maps used:
D:        meatsprint

Table legend:
 A = Turns spent in this place as a percentage of turns spent in the entire game.
 B = Non-inter-level travel turns spent in this place as a percentage of non-inter-level travel turns spent in the entire game.
 C = Inter-level travel turns spent in this place as a percentage of turns spent in this place.
 D = Turns resting spent in this place as a percentage of non-inter-level travel turns spent in this place.
 E = Turns spent auto-exploring this place as a percentage of non-inter-level travel turns spent in this place.
 F = Non-inter-level travel turns spent in this place divided by the number of levels of this place that you've seen.
                   A       B       C       D       E      F
               +-------+-------+-------+-------+-------+----------------------
         Total | 100.0 | 100.0 |   0.0 |   0.0 |   0.0 |  70.0
       Dungeon | 100.0 | 100.0 |   0.0 |   0.0 |   0.0 |  70.0
               +-------+-------+-------+-------+-------+----------------------

Table legend:
 A = Kills in this place as a percentage of kills in entire the game.
 B = Kills by you in this place as a percentage of kills by you in the entire game.
 C = Kills by friends in this place as a percentage of kills by friends in the entire game.
 D = Other kills in this place as a percentage of other kills in the entire game.
 E = Experience gained in this place as a percentage of experience gained in the entire game.
 F = Experience gained in this place divided by the number of levels of this place that you have seen.
                   A       B       C       D       E      F
               +-------+-------+-------+-------+-------+----------------------
         Total | 100.0 | 100.0 |  -nan |  -nan | 100.0 | 894250.0
       Dungeon | 100.0 | 100.0 |  -nan |  -nan | 100.0 | 894250.0
               +-------+-------+-------+-------+-------+----------------------
